 Dungeon Crawl Stone Soup version 0.29.0-11-gd7f09526c8 (webtiles) character file.

Game seed: 252906323271190072

106 pacmanke6689 the Shooter (level 4, -1/34 HPs)
             Began as a Gnoll Wanderer on Sept 5, 2022.
             Succumbed to an adder's poison
             ... on level 3 of the Dungeon.
             The game lasted 00:04:46 (2219 turns).

pacmanke6689 the Shooter (Gnoll Wanderer)           Turns: 2219, Time: 00:04:47

Health: -1/34      AC:  4    Str: 11    XL:     4   Next: 84%
Magic:  5/5        EV: 14    Int:  8    God:
Gold:   119        SH:  0    Dex: 17    Spells: 5/5 levels left

rFire   . . .      SeeInvis .   b - +0 falchion
rCold   + . .      Faith    .   (no shield)
rNeg    . . .      Spirit   .   f - +0 leather armour {rC+}
rPois   .          Reflect  .   (no helmet)
rElec   .          Harm     .   c - +0 cloak
rCorr   .          Rampage  .   (no gloves)
Will    .....                   (no boots)
Stlth   ++........              (no amulet)
HPRegen 0.11/turn               (no ring)
MPRegen 0.09/turn               (no ring)

@: lethally poisoned (-1 -> -11), attractive, flying
A: fangs 1, strong nose, distributed training
a: no special abilities


You were on level 3 of the Dungeon.
You visited 1 branch of the dungeon, and saw 3 of its levels.

You collected 119 gold pieces.

Inventory:

Hand Weapons
 a - a +2 sling
 b - a +0 falchion (weapon)
Armour
 c - a +0 cloak (worn)
 e - a +0 robe
 f - a +0 leather armour of cold resistance (worn)
Jewellery
 p - a ring of protection from cold
Wands
 r - a wand of quicksilver (10)
 s - a wand of roots (9)
Scrolls
 d - a scroll of blinking
 h - 2 scrolls of enchant armour {unknown}
 i - a scroll of magic mapping {unknown}
 k - a scroll of noise {unknown}
 q - a scroll of identify {unknown}
Potions
 l - a potion of mutation {unknown}
 m - a potion of cancellation {unknown}
 n - a potion of invisibility {unknown}
 o - a potion of curing {unknown}


   Skills:
 + Level 2.8 Fighting
 + Level 1.3 Short Blades
 + Level 6.6 Long Blades
 + Level 1.3 Axes
 + Level 1.3 Maces & Flails
 + Level 1.3 Polearms
 + Level 1.3 Staves
 + Level 6.6 Ranged Weapons
 + Level 1.3 Throwing
 + Level 2.8 Armour
 + Level 4.7 Dodging
 + Level 1.3 Stealth
 + Level 1.3 Shields
 + Level 1.3 Unarmed Combat
 + Level 1.3 Spellcasting
 + Level 1.0 Conjurations
 + Level 1.0 Hexes
 + Level 1.0 Summonings
 + Level 1.0 Necromancy
 + Level 1.0 Translocations
 + Level 1.0 Transmutations
 + Level 1.0 Fire Magic
 + Level 1.0 Ice Magic
 + Level 1.0 Air Magic
 + Level 1.0 Earth Magic
 + Level 1.0 Poison Magic
 + Level 1.4 Invocations
 + Level 1.3 Evocations


You had 5 spell levels left.
You didn't know any spells.
Your spell library contained the following spells:

 Spells                   Type           Power      Damage    Failure   Level
 Poisonous Vapours        Pois/Air       4%         N/A       43%         2
 Airstrike                Air            1%         2d(1-17)  97%         4
 Corpse Rot               Necr/Pois/Air  2%         N/A       97%         4
 Summon Lightning Spire   Summ/Air       2%         N/A       97%         4
 Lightning Bolt           Conj/Air       1%         1d12      100%        5


Dungeon Overview and Level Annotations

Branches:
Dungeon (3/15)

Altars:


Innate Abilities, Weirdness & Mutations

You have very sharp teeth.
Your uncanny sense of smell can sniff out nearby items.
Your experience applies equally to all skills.


Message History

Your Air Magic skill increases to level 1!
Your Earth Magic skill increases to level 1!
Your Poison Magic skill increases to level 1!
You barely miss the adder. The adder closely misses you.
You closely miss the adder. The adder misses you. The adder barely misses you.
You closely miss the adder. The adder bites you.
You are poisoned.
The adder poisons you!
You hit the adder. Your bite misses the adder.
The adder is moderately wounded.
You feel sick. The adder barely misses you.
You hit the adder but do no damage. Your bite misses the adder.
The adder is moderately wounded.
You feel sick. The adder bites you but does no damage.
You hit the adder.
The adder is heavily wounded.
The adder completely misses you. The adder misses you.
You hit the adder but do no damage.
The adder is heavily wounded.
You feel sick. The adder barely misses you.
You miss the adder.
The adder is heavily wounded.
You feel sick. The adder closely misses you.
You closely miss the adder.
The adder is heavily wounded.
You feel sick.
You are no longer poisoned.
The adder bites you.
* * * LOW HITPOINT WARNING * * *
You are poisoned.
The adder poisons you!
It was a potion of flight.
You feel very buoyant.
You fly up into the air.
You feel sick. The adder bites you.
* * * LOW HITPOINT WARNING * * *
You are more poisoned.
The adder poisons you! The adder completely misses you.
It was a potion of attraction.
You feel attractive to monsters.
You die...

. ∆ [.. ).. .... .
. ...S) ### ... #
..[..## .##..# #
.......###....# .
.......hS@..# # .
##....#S###.## .#
###.....# #..##.#
.....##.###.....#
###.!.....#..#..##
#..............##
.......#...#......#
..................+
#..........<......#


You could see an adder, a jackal and a ball python.

Vanquished Creatures
  An orc priest (D:3)
  2 adders (D:3)
  2 worms
  4 dart slugs (D:1)
  3 orcs (D:3)
  5 ball pythons
  2 endoplasms (D:3)
  3 giant cockroaches
  3 goblins
  2 hobgoblins
  5 jackals
  2 bats
  3 frilled lizards
  2 kobolds
  4 rats
43 creatures vanquished.

Notes
Turn   | Place    | Note
-------+----------+-------------------------------------------
     0 | D:1      | pacmanke6689 the Gnoll Wanderer began the quest for the
                  | Orb.
     0 | D:1      | pacmanke6689 set off with the following items: a +2 sling,
                  | a +0 falchion, a +0 cloak, a scroll of blinking, a +0 robe.
     0 | D:1      | Reached XP level 1. HP: 17/17 MP: 1/1
   153 | D:1      | Reached XP level 2. HP: 23/23 MP: 2/2
   210 | D:1      | Found a faded altar of an unknown god.
  1148 | D:2      | Reached XP level 3. HP: 28/28 MP: 3/3
  1777 | D:3      | Reached skill level 1 in Invocations
  1975 | D:3      | Reached skill level 1 in Short Blades
  1975 | D:3      | Reached skill level 1 in Axes
  1975 | D:3      | Reached skill level 1 in Maces & Flails
  1975 | D:3      | Reached skill level 1 in Polearms
  1975 | D:3      | Reached skill level 1 in Staves
  1975 | D:3      | Reached skill level 1 in Throwing
  1975 | D:3      | Reached skill level 1 in Stealth
  1975 | D:3      | Reached skill level 1 in Shields
  1975 | D:3      | Reached skill level 1 in Unarmed Combat
  1975 | D:3      | Reached skill level 1 in Spellcasting
  1975 | D:3      | Reached skill level 1 in Evocations
  2155 | D:3      | Reached XP level 4. HP: 32/34 MP: 5/5
  2209 | D:3      | Reached skill level 1 in Conjurations
  2209 | D:3      | Reached skill level 1 in Hexes
  2209 | D:3      | Reached skill level 1 in Summonings
  2209 | D:3      | Reached skill level 1 in Necromancy
  2209 | D:3      | Reached skill level 1 in Translocations
  2209 | D:3      | Reached skill level 1 in Transmutations
  2209 | D:3      | Reached skill level 1 in Fire Magic
  2209 | D:3      | Reached skill level 1 in Ice Magic
  2209 | D:3      | Reached skill level 1 in Air Magic
  2209 | D:3      | Reached skill level 1 in Earth Magic
  2209 | D:3      | Reached skill level 1 in Poison Magic
  2219 | D:3      | Succumbed to an adder's poison

Illustrated notes

Levels and vault maps discovered:
D:1:      wander_arrival_abandoned_jail, layout_loops_ring,
          shapermc_ecumenical_altar_petra
D:2:      layout_loops_corners
D:3:      minmay_octagon_keep, layout_rooms,
          chequers_temple_overflow_statue_of_worship

Skill      XL: |  1  2  3  4 |
---------------+-------------+-----
Invocations    | 1 |  1.4
Short Blades   | 1 |  1.3
Axes           | 1 |  1.3
Maces & Flails | 1 |  1.3
Polearms       | 1 |  1.3
Staves         | 1 |  1.3
Throwing       | 1 |  1.3
Stealth        | 1 |  1.3
Shields        | 1 |  1.3
Unarmed Combat | 1 |  1.3
Spellcasting   | 1 |  1.3
Evocations     | 1 |  1.3
Conjurations   | 1 |  1.0
Hexes          | 1 |  1.0
Summonings     | 1 |  1.0
Necromancy     | 1 |  1.0
Translocations | 1 |  1.0
Transmutations | 1 |  1.0
Fire Magic     | 1 |  1.0
Ice Magic      | 1 |  1.0
Air Magic      | 1 |  1.0
Earth Magic    | 1 |  1.0
Poison Magic   | 1 |  1.0
Fighting       | |  2.8
Long Blades    | |  6.6
Ranged Weapons | |  6.6
Armour         | |  2.8
Dodging        | |  4.7

Action                   |  1- 3 |  4- 6 || total
-------------------------+-------+-------++-------
Melee: Falchion          |    89 |    34 ||   123
       Bite              |    17 |     4 ||    21
       Punch             |     1 |       ||     1
  Use: Potion            |       |     2 ||     2
 Stab: Sleeping          |     2 |       ||     2
Armor: Leather armour    |    26 |     5 ||    31
Dodge: Dodged            |    50 |    25 ||    75
